Cogmind - Beta 13 @@@ ROGUE MODE // 2024.04.23 @ 01:05:57 Player: Exceptionally Mediocre Result: Destroyed by P-80 Master with Gamma Rifle Performance ------------- Evolutions (7) 3500 Regions Visited (16) 3200 Robots Destroyed (105) 525 Value Destroyed (2189) 2189 Prototype IDs (31) 620 Alien Tech Used (1) 200 Bonus (1800) 1800 TOTAL SCORE: 12034 Bonus ------- Triggered Max Security 1000 Entered DSFs 500 Aligned with FarCom 300 Cogmind --------- Core Integrity 0/1300 Matter 8/300 Energy 90/100 System Corruption 6% Temperature Cool (0) Movement Core (150) Ox2 Location -3/Quarantine Parts ------- > --- POWER (2) -------- (None) > --- PROPULSION (5) --- (None) > --- UTILITY (12) ----- (None) > --- WEAPON (2) ------- Enhanced Force Lance > --- INVENTORY (5) ---- Light Ion Engine Structural Scanner Precision Matter Filter Advanced System Restoration Module Peak State ------------ > --- POWER ------------ Neutrino Core Light Particle Reactor > --- PROPULSION ------- Field Propulsion Drive Nuclear Pulse Array Nuclear Pulse Array > --- UTILITY ---------- Advanced Cryofiber Web Lightpack 2.0 Structural Scanner Experimental Targeting Computer Hacking Suite Improved Hacking Suite > --- WEAPON ----------- Katana Katana > --- INVENTORY -------- Light Nuclear Core Fission Core Neutrino Core Antigrav Array Field Propulsion Drive High-capacity Battery Energy Well Weight Redist. System Structural Scanner Advanced Trap Scanner Advanced Targeting Computer Core Analyzer Precision Matter Filter Energy Filter Energy Filter Improved Transmission Jammer Improved Transmission Jammer Advanced ECM Suite Improved Utility Shielding Hardened Medium Armor Plating Improved Medium Armor Plating Powered Armor Powered Armor Advanced System Restoration Module Recalibrator Improved Recalibrator Improved Heavy Laser Quantum Rifle Disruptor Cannon Compact HERF Cannon Heavy Phase Cannon Coil Gun Mass Driver Enhanced Gauss Cannon Improved Remote Datajack Katana [Rating: 120] Favorites ----------- Power Ion Engine Engine Ion Engine Power Core Fission Core Reactor Light Antimatter Reactor Propulsion Light Treads Treads Light Treads Wheel Compact Wheel Hover Unit Aerolev Unit Flight Unit Cesium-ion Thruster Utility Salvage Targeting Computer Device Structural Scanner Storage High-capacity Storage Unit Processor Salvage Targeting Computer Hackware Hacking Suite Protection Light Armor Plating Weapon Heavy Assault Rifle Energy Gun Heavy Wave Gun Ballistic Gun Heavy Assault Rifle Ballistic Cannon Advanced Assault Cannon Launcher Rocket Launcher Slashing Weapon Katana Piercing Weapon Enhanced Force Lance Build | -11 -10 -10 -9 -9 -9 -8 -8 -7 -6 -5 -5 -5 -4 -4 -3 -3 ------- Run | Yrd Mat Min Mat Min Exi Min Mat Fac Fac Fac Upp Upp Fac DSF Res Qua Slots Evolved 14 | . . . 2 . . . 2 2 2 2 . . 2 . 2 . Power 1 | . . . . . . . . . . . . . . . 1 . Propulsion 3 | . . . . . . . 1 1 1 . . . . . . . Utility 10 | . . . 2 . . . 1 1 1 2 . . 2 . 1 . Weapon . | . . . . . . . . . . . . . . . . . Parts Attached 175 | 8 25 . 17 2 2 . 30 10 23 8 1 . . 7 39 3 Power 29 | 1 4 . 2 . . . 3 1 3 1 . . . 5 9 . Engine 9 | 1 4 . 2 . . . 1 1 . . . . . . . . Core 13 | . . . . . . . 2 . 3 1 . . . 1 6 . Reactor 7 | . . . . . . . . . . . . . . 4 3 . Propulsion 56 | 2 9 . 7 . . . 10 3 10 1 . . . . 13 1 Treads 21 | 2 8 . 7 . . . 4 . . . . . . . . . Leg . | . . . . . . . . . . . . . . . . . Wheel 1 | . . . . . . . . . . . . . . . 1 . Hover 16 | . . . . . . . 6 3 1 . . . . . 5 1 Flight 18 | . 1 . . . . . . . 9 1 . . . . 7 . Utility 41 | 2 3 . 4 . 1 . 5 4 3 5 1 . . 2 10 1 Device 17 | 1 . . 1 . . . . 2 1 3 . . . 2 7 . Storage 5 | 1 2 . . . . . . 1 . . . . . . 1 . Processor 3 | . 1 . . . . . . . . 1 . . . . . 1 Hackware 2 | . . . . . . . . 1 1 . . . . . . . Protection 14 | . . . 3 . 1 . 5 . 1 1 1 . . . 2 . Artifact . | . . . . . . . . . . . . . . . . . Weapon 49 | 3 9 . 4 2 1 . 12 2 7 1 . . . . 7 1 Energy Gun 6 | 1 . . . . . . . . 2 . . . . . 3 . Energy Cannon . | . . . . . . . . . . . . . . . . . Ballistic Gun 25 | 2 7 . 4 1 . . 9 . 1 1 . . . . . . Ballistic Cannon 2 | . . . . . . . . . 2 . . . . . . . Launcher 6 | . 2 . . 1 1 . 2 . . . . . . . . . Special Weapon . | . . . . . . . . . . . . . . . . . Impact Weapon . | . . . . . . . . . . . . . . . . . Slashing Weapon 8 | . . . . . . . 1 2 2 . . . . . 3 . Piercing Weapon 2 | . . . . . . . . . . . . . . . 1 1 Special Melee Weapon . | . . . . . . . . . . . . . . . . . Unidentified Prototypes 7 | . . . . . . . 2 . 1 2 . . . . 1 1 Parts Lost 67 | . 6 . . . . . 12 . 8 . . . . 8 26 7 Power 12 | . 2 . . . . . 3 . 1 . . . . 2 4 . Propulsion 27 | . 2 . . . . . 3 . 7 . . . . 4 9 2 Utility 18 | . . . . . . . 3 . . . . . . 2 9 4 Weapon 10 | . 2 . . . . . 3 . . . . . . . 4 1 Highest Loss Streak 12 | . 4 . . . . . 10 . 5 . . . . 7 12 7 To Critical Strikes . | . . . . . . . . . . . . . . . . . Average Slot Usage (%) 88 | . 98 100 100 100 100 100 97 77 76 72 76 76 68 41 49 33 Engine 8 | . 13 14 11 11 11 11 8 4 . . . . . . . . Core 1 | . . . . . . . . . 5 5 5 5 5 1 4 3 Treads 15 | . 27 28 22 22 22 22 14 . . . . . . . . . Hover 5 | . . . . . . . 12 29 12 . . . . . 5 3 Flight 2 | . . . . . . . . . 16 21 23 23 21 4 3 2 Device 6 | . 2 . 11 11 11 11 9 7 6 10 9 5 5 9 8 3 Storage 9 | . 14 14 11 11 11 11 9 7 6 5 5 5 5 5 3 . Processor 8 | . 11 14 11 11 11 11 9 7 3 4 5 5 5 5 1 2 Hackware 2 | . . . . . . . . 6 8 11 11 11 10 10 9 6 Protection 5 | . . . 11 11 11 11 16 . 5 5 6 11 10 3 . . Ballistic Gun 15 | . 27 14 21 19 21 11 16 . . . . . . . . . Slashing Weapon 2 | . . . . . . . . 11 5 5 5 5 5 1 4 3 Naked Turns 14 | . . . . . . . . . . . . . . . . 14 Heaviest Build 64 | 13 51 51 57 58 58 58 64 15 27 20 28 28 28 28 48 21 Greatest Support 60 | 40 40 40 40 40 40 40 60 32 41 38 38 29 29 29 51 16 Greatest Overweight (x) 3 | . 3 1 1 1 1 1 3 2 1 . . . . 1 1 2 Average Overweight (x) . | . . 1 1 1 1 1 1 . . . . . . . . . Largest Inventory Capacity 40 | 8 20 20 20 20 20 20 20 40 40 40 40 40 40 40 40 5 Average Capacity 23 | 7 15 20 20 20 20 20 20 39 40 40 40 40 40 40 38 5 Most Carried 40 | 5 20 19 20 20 20 20 20 39 40 40 40 40 40 40 40 5 Average Carried 21 | 3 14 19 19 20 19 20 19 26 36 38 39 40 40 38 33 4 Final Capacity 40 | 8 20 20 20 20 20 20 20 40 40 40 40 40 40 40 5 5 Final Carried 40 | 5 19 19 20 20 20 20 13 39 37 38 40 40 40 38 5 4 Class Distribution -------------------- 43% | Scavenger-Mutant 26% | Mutant 18% | Hauler-Mutant 8% | Hauler-Sprinter Dominant Class ---------------- Scavenger-Mutant | -10/Materials Mutant | -10/Mines Scavenger-Mutant | -9/Materials Scavenger-Mutant | -9/Mines Scavenger-Mutant | -9/Exiles Scavenger-Mutant | -8/Mines Scavenger-Mutant | -8/Materials Hauler-Mutant | -7/Factory Hauler-Sprinter | -6/Factory Hauler-Sprinter | -5/Factory Hauler-Sprinter | -5/Upper Caves Hauler-Sprinter | -5/Upper Caves Hauler-Sprinter | -4/Factory Hauler-Sprinter | -4/DSF Hauler-Mutant | -3/Research Hacker-Gladiator | -3/Quarantine Resources | -11 -10 -10 -9 -9 -9 -8 -8 -7 -6 -5 -5 -5 -4 -4 -3 -3 ----------- Run | Yrd Mat Min Mat Min Exi Min Mat Fac Fac Fac Upp Upp Fac DSF Res Qua Matter Collected 2763 | 310 659 . 493 38 . 12 645 170 172 117 119 . . 14 14 . Remotely . | . . . . . . . . . . . . . . . . . Salvage Created 3844 | 193 776 . 762 88 . 17 1128 302 254 117 . . . . 207 . Parts 256 | 14 58 . 59 5 . 6 55 23 18 7 . . . . 11 . Haulers Intercepted 7 | . 2 . 1 . . . 3 . . 1 . . . . . . Recyclers Shooed 1 | . 1 . . . . . . . . . . . . . . . Parts Field Recycled . | . . . . . . . . . . . . . . . . . Retrieved Matter . | . . . . . . . . . . . . . . . . . Parts Self-Destructed . | . . . . . . . . . . . . . . . . . Prevented . | . . . . . . . . . . . . . . . . . Kills | -11 -10 -10 -9 -9 -9 -8 -8 -7 -6 -5 -5 -5 -4 -4 -3 -3 ------- Run | Yrd Mat Min Mat Min Exi Min Mat Fac Fac Fac Upp Upp Fac DSF Res Qua Combat Hostiles Destroyed 59 | . 14 . 16 2 . 3 17 . 5 . . . . . 2 . Melee 1 | . . . . . . . . . . . . . . . 1 . Guns 44 | . 12 . 16 2 . . 12 . 1 . . . . . 1 . Cannons 4 | . . . . . . . . . 4 . . . . . . . AOE 10 | . 2 . . . . 3 5 . . . . . . . . . Classes Destroyed 13 | 2 8 . 2 . . . 1 . . . . . . . . . Worker 13 | . 2 . 2 . . . 3 6 . . . . . . . . Builder 6 | . 1 . . . . . . 2 2 1 . . . . . . Tunneler 5 | 5 . . . . . . . . . . . . . . . . Hauler 7 | . 2 . 1 . . . 3 . . 1 . . . . . . Recycler 9 | 1 . . . . . . 4 2 1 . . . . . 1 . Mechanic 1 | . 1 . . . . . . . . . . . . . . . Operator 1 | . 1 . . . . . . . . . . . . . . . Watcher 4 | . 3 . 1 . . . . . . . . . . . . . Swarmer 21 | . 5 . 4 . . 3 3 . 4 . . . . . 2 . Grunt 27 | . 9 . 8 2 . . 8 . . . . . . . . . Brawler 1 | . . . . . . . 1 . . . . . . . . . Duelist 1 | . . . 1 . . . . . . . . . . . . . Sentry 9 | . . . 3 . . . 5 . 1 . . . . . . . Best Kill Streak 10 | 2 5 . 10 2 . 3 5 4 4 1 . . . . 2 . Combat Bots Only 6 | . 5 . 6 2 . 3 5 . 4 . . . . . 1 . Max Kills in Single Turn 3 | 1 2 . 2 1 . 3 3 1 1 1 . . . . 1 . Gunslinging 1 | . . . 1 . . . . . . . . . . . . . Exploded 3 | . 2 . . . . 3 3 . . . . . . . . . Melee 1 | . . . . . . . . . . . . . . . 1 . Uniques/NPCs Destroyed . | . . . . . . . . . . . . . . . . . Combat | -11 -10 -10 -9 -9 -9 -8 -8 -7 -6 -5 -5 -5 -4 -4 -3 -3 -------- Run | Yrd Mat Min Mat Min Exi Min Mat Fac Fac Fac Upp Upp Fac DSF Res Qua Hostile Shots Fired 742 | . 133 . 60 6 . . 132 9 122 . 6 . . 28 193 53 Missed 249 | . 38 . 17 3 . . 38 3 46 . 3 . . 10 76 15 Damage Taken 8815 | . 1001 . 477 39 . . 1995 41 912 . 66 . . 827 2603 854 Core 2463 | . 233 . 57 18 . . 439 6 83 . . . . 306 709 612 Absorbed by Shields . | . . . . . . . . . . . . . . . . . Redirected to Shielding 206 | . . . . . . . . . 65 . . . . 141 . . Regen/Repaired (Parts) 76 | . 1 . . . . . . 75 . . . . . . . . Core Remaining (%) 71 | 100 . 6 . . . 81 20 99 90 . . 100 . 73 . . Volleys Fired 258 | 15 99 . 48 5 . 1 64 . 18 . . . . . 8 . Largest 2 | 2 2 . 2 2 . 1 2 . 2 . . . . . 1 . Hottest 111 | 40 53 . 46 46 . 33 55 . 111 . . . . . 94 . Shots Fired 492 | 30 195 . 96 10 . 1 119 . 33 . . . . . 8 . Gun 466 | 30 194 . 96 10 . . 111 . 17 . . . . . 8 . Cannon 16 | . . . . . . . . . 16 . . . . . . . Launcher 10 | . 1 . . . . 1 8 . . . . . . . . . Special . | . . . . . . . . . . . . . . . . . Kinetic 463 | 30 194 . 96 10 . . 111 . 22 . . . . . . . Thermal 19 | . . . . . . . . . 11 . . . . . 8 . Explosive 10 | . 1 . . . . 1 8 . . . . . . . . . Electromagnetic . | . . . . . . . . . . . . . . . . . Robot Hit Streak 14 | 7 8 . 12 3 . . 14 . 6 . . . . . 3 . Robot Miss Streak 4 | 2 3 . 4 2 . 1 4 . 3 . . . . . 2 . Penetration Max . | . . . . . . . . . . . . . . . . . Secondary Targets 7 | . 3 . 2 . . . 2 . . . . . . . . . Max Gunslinging Chain 1 | . 1 . 1 . . . 1 . . . . . . . . . Shots Hit Robots 348 | 23 119 . 61 5 . . 85 11 24 5 . . . . 14 1 Core Hits 174 | 11 44 . 29 4 . 2 59 7 10 3 . . . . 5 . Critical Kills 1 | . . . 1 . . . . . . . . . . . . . Critical Parts Destroyed 3 | 1 2 . . . . . . . . . . . . . . . Critical Strikes 8 | 1 2 . 1 . . . . . 1 1 . . . . 2 . Destroy 4 | 1 2 . 1 . . . . . . . . . . . . . Blast 1 | . . . . . . . . . 1 . . . . . . . Sever 3 | . . . . . . . . . . 1 . . . . 2 . Melee Attacks 107 | . . . . . . . 1 28 25 9 1 . . . 36 7 Impact . | . . . . . . . . . . . . . . . . . Slashing 100 | . . . . . . . 1 28 25 9 1 . . . 36 . Piercing 7 | . . . . . . . . . . . . . . . . 7 Sneak Attacks 20 | . . . . . . . . 11 4 2 . . . . 2 1 Combat Hostiles . | . . . . . . . . . . . . . . . . . Follow-up Attacks 2 | . . . . . . . . . . . . . . . 2 . Damage Inflicted 6971 | 193 1276 . 890 72 . 124 2083 724 780 247 . . . . 521 61 Guns 3947 | 193 1134 . 890 72 . . 1375 . 137 . . . . . 146 . Cannons 357 | . . . . . . . . . 357 . . . . . . . Explosions 974 | . 142 . . . . 124 708 . . . . . . . . . Melee 1693 | . . . . . . . . 724 286 247 . . . . 375 61 Ramming . | . . . . . . . . . . . . . . . . . Kinetic 4109 | 193 1134 . 890 72 . . 1375 . 445 . . . . . . . Thermal 195 | . . . . . . . . . 49 . . . . . 146 . Explosive 974 | . 142 . . . . 124 708 . . . . . . . . . Electromagnetic . | . . . . . . . . . . . . . . . . . Impact . | . . . . . . . . . . . . . . . . . Slashing 1632 | . . . . . . . . 724 286 247 . . . . 375 . Piercing 61 | . . . . . . . . . . . . . . . . 61 Highest Corruption 6 | . 4 4 . . . . . . 4 . . . . 2 . 6 Average Corruption 3 | . 3 4 . . . . . . 4 . . . . 1 . 6 Corruption Purged . | . . . . . . . . . . . . . . . . . Corruption Blocked . | . . . . . . . . . . . . . . . . . Effects 30 | . 21 3 . . . . . . 6 . . . . . . . Message Errors 6 | . 3 1 . . . . . . 2 . . . . . . . Matter Fused 5 | . 4 . . . . . . . 1 . . . . . . . Heat Flow Errors 7 | . 6 1 . . . . . . . . . . . . . . Energy Discharges 5 | . 4 . . . . . . . 1 . . . . . . . Data Loss (minor) 5 | . 4 . . . . . . . 1 . . . . . . . Data Loss (major) 1 | . . 1 . . . . . . . . . . . . . . Weapon Failures 1 | . . . . . . . . . 1 . . . . . . . Overload Shots . | . . . . . . . . . . . . . . . . . Overflow Damage 336 | . . . . . . 20 58 159 54 . . . . . 44 1 Projectiles 1 | . . . . . . . . . 1 . . . . . . . Explosions 78 | . . . . . . 20 58 . . . . . . . . . Melee 257 | . . . . . . . . 159 53 . . . . . 44 1 Knockbacks 3 | . . . . . . . . . 3 . . . . . . . Impact . | . . . . . . . . . . . . . . . . . Kinetic 3 | . . . . . . . . . 3 . . . . . . . Secondary . | . . . . . . . . . . . . . . . . . Self-Inflicted Damage 39 | . . . . . . . 39 . . . . . . . . . Shots 1 | . . . . . . . 1 . . . . . . . . . Rammed . | . . . . . . . . . . . . . . . . . Targets Rammed . | . . . . . . . . . . . . . . . . . Kicked . | . . . . . . . . . . . . . . . . . Crushed . | . . . . . . . . . . . . . . . . . Highest Temperature 307 | . 297 158 3 7 . . 62 . 307 . . . . . . . Average Temperature 55 | . 58 80 1 3 . . 17 . 85 . . . . . . . Received Heat Transfer 1288 | . 420 . 174 21 . . 324 12 99 . 9 . . . 106 123 Effects 2 | . . . . . . . . . 2 . . . . . . . Energy Bleed 1 | . . . . . . . . . 1 . . . . . . . Damage (minor) 1 | . . . . . . . . . 1 . . . . . . . Siege Activations . | . . . . . . . . . . . . . . . . . Robots Corrupted . | . . . . . . . . . . . . . . . . . Combat Hostiles . | . . . . . . . . . . . . . . . . . Parts Fried . | . . . . . . . . . . . . . . . . . Impact Corruptions . | . . . . . . . . . . . . . . . . . Robots Melted . | . . . . . . . . . . . . . . . . . Combat Hostiles . | . . . . . . . . . . . . . . . . . Parts Melted 1 | . . . . . . . . . 1 . . . . . . . Heat Transferred 296 | . . . . . . . . . 111 . . . . . 185 . Parts Sabotaged 1 | . . . . . . . . . . . . . . . . 1 Parts Stolen . | . . . . . . . . . . . . . . . . . Parts Stripped . | . . . . . . . . . . . . . . . . . Power Chain Reactions . | . . . . . . . . . . . . . . . . . Alert | -11 -10 -10 -9 -9 -9 -8 -8 -7 -6 -5 -5 -5 -4 -4 -3 -3 ------- Run | Yrd Mat Min Mat Min Exi Min Mat Fac Fac Fac Upp Upp Fac DSF Res Qua Peak Influence 1645 | 30 343 46 399 146 . 79 279 170 185 43 . . 2 15 293 1645 Initial 96 | . 19 46 17 96 . . 30 71 21 32 . . 2 2 2 27 Average 164 | 11 168 46 142 123 . 79 151 70 101 27 . . 2 3 112 1607 Maximum Alert Level 5 | . 1 . 1 . . . 1 . . . . . . . 1 5 Low Security (%) 74 | 100 64 100 63 100 . 100 70 100 100 100 . . 100 100 77 . Level 1 22 | . 35 . 36 . . . 29 . . . . . . . 22 . Level 2 . | . . . . . . . . . . . . . . . . . Level 3 . | . . . . . . . . . . . . . . . . . Level 4 . | . . . . . . . . . . . . . . . . . Level 5 . | . . . . . . . . . . . . . . . . . High Security . | . . . . . . . . . . . . . . . . . Max Security 2 | . . . . . . . . . . . . . . . . 99 Squads Dispatched 26 | . 3 . 3 . . . 2 . 3 2 . . . 2 5 6 Investigation 13 | . 2 . 3 . . . . . 3 2 . . . . 3 . Extermination . | . . . . . . . . . . . . . . . . . Reinforcement 6 | . 1 . . . . . 1 . . . . . . 2 2 . Assault 6 | . . . . . . . . . . . . . . . . 6 Garrison 1 | . . . . . . . 1 . . . . . . . . . Intercept . | . . . . . . . . . . . . . . . . . Searches Triggered . | . . . . . . . . . . . . . . . . . Construction Impeded 1 | . . . . . . . . . . . . . . . 1 . Haulers Reinforced . | . . . . . . . . . . . . . . . . . Active Scanning Responses . | . . . . . . . . . . . . . . . . . Cargo Convoy Interrupts . | . . . . . . . . . . . . . . . . . Stealth | -11 -10 -10 -9 -9 -9 -8 -8 -7 -6 -5 -5 -5 -4 -4 -3 -3 --------- Run | Yrd Mat Min Mat Min Exi Min Mat Fac Fac Fac Upp Upp Fac DSF Res Qua Distress Signals 12 | . 2 . 1 . . . 4 . 1 . . . . . 4 . Communications Jammed . | . . . . . . . . . . . . . . . . . Distress Signals . | . . . . . . . . . . . . . . . . . Times Spotted 173 | . 34 . 22 2 . . 27 2 10 3 1 . . 6 31 35 Peak Tracking Total 26 | . 7 . 4 2 . . 9 1 6 4 1 . . 5 10 26 Tactical Retreats 24 | . 9 . 1 . . . . 1 1 . . . . 1 10 1 Traps | -11 -10 -10 -9 -9 -9 -8 -8 -7 -6 -5 -5 -5 -4 -4 -3 -3 ------- Run | Yrd Mat Min Mat Min Exi Min Mat Fac Fac Fac Upp Upp Fac DSF Res Qua Traps Triggered 9 | . 5 . 1 . . . 1 . . 1 . . . . 1 . Indirectly . | . . . . . . . . . . . . . . . . . Trap Hack Attempts . | . . . . . . . . . . . . . . . . . Triggered . | . . . . . . . . . . . . . . . . . Disarmed . | . . . . . . . . . . . . . . . . . Reprogrammed . | . . . . . . . . . . . . . . . . . Reused . | . . . . . . . . . . . . . . . . . Traps Extracted . | . . . . . . . . . . . . . . . . . Installed . | . . . . . . . . . . . . . . . . . Triggered . | . . . . . . . . . . . . . . . . . Machines | -11 -10 -10 -9 -9 -9 -8 -8 -7 -6 -5 -5 -5 -4 -4 -3 -3 ---------- Run | Yrd Mat Min Mat Min Exi Min Mat Fac Fac Fac Upp Upp Fac DSF Res Qua Machines Disabled 4 | . 1 . . . . . . . . . . . . . . 3 Max in Single Turn 1 | . 1 . . . . . . . . . . . . . . 1 Garrison Access 5 | . . . . . . . 1 1 1 1 . . . . 1 . Machines Repaired . | . . . . . . . . . . . . . . . . . Machines Dismantled . | . . . . . . . . . . . . . . . . . Machines Sabotaged . | . . . . . . . . . . . . . . . . . Overloaded Fab Kills . | . . . . . . . . . . . . . . . . . Hacking | -11 -10 -10 -9 -9 -9 -8 -8 -7 -6 -5 -5 -5 -4 -4 -3 -3 --------- Run | Yrd Mat Min Mat Min Exi Min Mat Fac Fac Fac Upp Upp Fac DSF Res Qua Machines Accessed 39 | . 9 . 4 . 1 . 2 4 7 4 . . 1 . 7 . Terminals 23 | . 6 . 4 . . . 1 2 4 2 . . 1 . 3 . Fabricators 1 | . . . . . . . . . 1 . . . . . . . Repair Stations 2 | . 1 . . . . . . 1 . . . . . . . . Recycling Units 3 | . 2 . . . . . . . . 1 . . . . . . Scanalyzers 3 | . . . . . . . . . 1 . . . . . 2 . Garrison Access 6 | . . . . . . . 1 1 1 1 . . . . 2 . Total Hacks 97 | . 20 . 9 . 1 . 4 8 25 9 . . 1 . 20 . Successful 57 | . 14 . 5 . 1 . 3 5 16 5 . . 1 . 7 . Failed 40 | . 6 . 4 . . . 1 3 9 4 . . . . 13 . Catastrophic 4 | . . . . . . . . 1 1 1 . . . . 1 . Database Lockouts . | . . . . . . . . . . . . . . . . . Manual 49 | . 12 . 5 . 1 . 2 3 17 5 . . . . 4 . Terminals 61 | . 16 . 9 . . . 2 3 18 5 . . 1 . 7 . Fabricators 4 | . . . . . . . . . 4 . . . . . . . Repair Stations 4 | . 2 . . . . . . 2 . . . . . . . . Recycling Units 3 | . 2 . . . . . . . . 1 . . . . . . Scanalyzers 10 | . . . . . . . . . 2 . . . . . 8 . Garrison Access 14 | . . . . . . . 2 3 1 3 . . . . 5 . Terminal Hacks 18 | . 4 . 2 . 1 . 1 . 6 1 . . 1 . 2 . Record 1 | . . . 1 . . . . . . . . . . . . . Part Schematic 1 | . . . . . . . . . 1 . . . . . . . Robot Analysis 2 | . 2 . . . . . . . . . . . . . . . Prototype ID Bank 1 | . . . . . . . . . 1 . . . . . . . Open DSF 2 | . . . . . . . . . . . . . 1 . 1 . Terminal Index 4 | . 1 . . . . . 1 . 1 . . . . . 1 . Fabricator Index 1 | . . . . . . . . . 1 . . . . . . . Scanalyzer Index 1 | . . . . . . . . . 1 . . . . . . . Garrison Index 1 | . . . . . . . . . 1 . . . . . . . Alert Level 1 | . . . 1 . . . . . . . . . . . . . Unreport Threat 1 | . . . . . . . . . . 1 . . . . . . Locate Traps 1 | . 1 . . . . . . . . . . . . . . . Derelict Proto ID Bank 1 | . . . . . 1 . . . . . . . . . . . Fabricator Hacks 2 | . . . . . . . . . 2 . . . . . . . Load Schematic 1 | . . . . . . . . . 1 . . . . . . . Build 1 | . . . . . . . . . 1 . . . . . . . Repair Station Hacks 4 | . 2 . . . . . . 2 . . . . . . . . Scan Component 2 | . 1 . . . . . . 1 . . . . . . . . Repair 2 | . 1 . . . . . . 1 . . . . . . . . Recycling Unit Hacks 3 | . 2 . . . . . . . . 1 . . . . . . Retrieve Components 3 | . 2 . . . . . . . . 1 . . . . . . Scanalyzer 6 | . . . . . . . . . 2 . . . . . 4 . Insert Component 3 | . . . . . . . . . 1 . . . . . 2 . Analyze 3 | . . . . . . . . . 1 . . . . . 2 . Garrison Access Hacks 5 | . . . . . . . 1 1 1 1 . . . . 1 . Seal Access 5 | . . . . . . . 1 1 1 1 . . . . 1 . Unauthorized Hacks 19 | . 6 . 3 . . . 1 2 5 2 . . . . . . Terminals 19 | . 6 . 3 . . . 1 2 5 2 . . . . . . Assimilate 1 | . . . . . . . . 1 . . . . . . . . Botnet 17 | . 6 . 3 . . . 1 1 4 2 . . . . . . Operators 1 | . . . . . . . . . 1 . . . . . . . Fabricators . | . . . . . . . . . . . . . . . . . Repair Stations . | . . . . . . . . . . . . . . . . . Recycling Units . | . . . . . . . . . . . . . . . . . Scanalyzers . | . . . . . . . . . . . . . . . . . Garrison Access . | . . . . . . . . . . . . . . . . . Data Cores Recovered . | . . . . . . . . . . . . . . . . . Used . | . . . . . . . . . . . . . . . . . Hacking Detections 25 | . 5 . 2 . . . 1 3 6 3 . . . . 5 . Full Trace Events 11 | . 2 . 2 . . . . . 3 1 . . . . 3 . Feedback Events 1 | . 1 . . . . . . . . . . . . . . . Corruption 1 | . 1 . . . . . . . . . . . . . . . Feedback Blocked . | . . . . . . . . . . . . . . . . . Robot Schematics Acquired . | . . . . . . . . . . . . . . . . . Robots Built . | . . . . . . . . . . . . . . . . . Authchips . | . . . . . . . . . . . . . . . . . Time . | . . . . . . . . . . . . . . . . . Total Robot Build Rating . | . . . . . . . . . . . . . . . . . Part Schematics Acquired 4 | . . . . . . . . . 2 . . . . . 2 . Parts Built 1 | . . . . . . . . . 1 . . . . . . . Authchips . | . . . . . . . . . . . . . . . . . Time 31 | . . . . . . . . . 31 . . . . . . . Total Part Build Rating 5 | . . . . . . . . . 5 . . . . . . . Parts Repaired 2 | . 1 . . . . . . 1 . . . . . . . . Time 68 | . 38 . . . . . . 30 . . . . . . . . Parts Recycled . | . . . . . . . . . . . . . . . . . Recycled Matter . | . . . . . . . . . . . . . . . . . Retrieved Matter . | . . . . . . . . . . . . . . . . . Retrieved Components 16 | . 13 . . . . . . . . 3 . . . . . . Parts Scanalyzed 3 | . . . . . . . . . 1 . . . . . 2 . Part Schematics Acquired 3 | . . . . . . . . . 1 . . . . . 2 . Parts Damaged . | . . . . . . . . . . . . . . . . . Bothacking | -11 -10 -10 -9 -9 -9 -8 -8 -7 -6 -5 -5 -5 -4 -4 -3 -3 ------------ Run | Yrd Mat Min Mat Min Exi Min Mat Fac Fac Fac Upp Upp Fac DSF Res Qua Used RIF Installer . | . . . . . . . . . . . . . . . . . Robots Hacked . | . . . . . . . . . . . . . . . . . Non-combat . | . . . . . . . . . . . . . . . . . Combat . | . . . . . . . . . . . . . . . . . Robot Hacks Applied . | . . . . . . . . . . . . . . . . . Relay Couplers Released . | . . . . . . . . . . . . . . . . . Fabnet Peak Effective % . | . . . . . . . . . . . . . . . . . Robots Rewired . | . . . . . . . . . . . . . . . . . Allies Hacked . | . . . . . . . . . . . . . . . . . Hacks Repelled . | . . . . . . . . . . . . . . . . . Allies | -11 -10 -10 -9 -9 -9 -8 -8 -7 -6 -5 -5 -5 -4 -4 -3 -3 -------- Run | Yrd Mat Min Mat Min Exi Min Mat Fac Fac Fac Upp Upp Fac DSF Res Qua Total Allies 1 | . . . . . . . . 1 . . . . . . . . Largest Group 1 | . . . . . . . . 1 1 . . . . . . . Highest-Rated Group 26 | . . . . . . . . 26 26 . . . . . . . Highest-Rated Ally 26 | . . . . . . . . 26 26 . . . . . . . Total Orders . | . . . . . . . . . . . . . . . . . Ally Attacks . | . . . . . . . . . . . . . . . . . Total Damage . | . . . . . . . . . . . . . . . . . Kills . | . . . . . . . . . . . . . . . . . Allies Corrupted . | . . . . . . . . . . . . . . . . . Allies Melted . | . . . . . . . . . . . . . . . . . Intel | -11 -10 -10 -9 -9 -9 -8 -8 -7 -6 -5 -5 -5 -4 -4 -3 -3 ------- Run | Yrd Mat Min Mat Min Exi Min Mat Fac Fac Fac Upp Upp Fac DSF Res Qua Robot Analysis Total 2 | . 2 . . . . . . . . . . . . . . . Derelict Logs Recovered 3 | . . . . . . . . . . . 3 . . . . . Drone Launches . | . . . . . . . . . . . . . . . . . Drone Recoveries . | . . . . . . . . . . . . . . . . . Exploration | -11 -10 -10 -9 -9 -9 -8 -8 -7 -6 -5 -5 -5 -4 -4 -3 -3 ------------- Run | Yrd Mat Min Mat Min Exi Min Mat Fac Fac Fac Upp Upp Fac DSF Res Qua Turns Passed 7462 | 267 2167 130 1045 160 508 64 874 627 465 144 219 37 7 99 480 169 Spaces Moved 5658 | 137 876 55 354 60 210 26 324 722 843 335 760 128 23 132 560 113 Core 191 | 6 11 . . . . . . 69 . . . . . 77 . 28 Treads 1849 | 131 865 55 354 60 210 26 148 . . . . . . . . . Legs . | . . . . . . . . . . . . . . . . . Wheels . | . . . . . . . . . . . . . . . . . Hover 1704 | . . . . . . . 176 653 329 . . . . . 461 85 Flight 1914 | . . . . . . . . . 514 335 760 128 23 55 99 . Fastest Speed 23 | 50 160 240 240 240 240 240 160 40 23 28 28 28 28 28 33 50 Average Speed 102 | 155 205 240 240 240 240 240 192 50 30 28 28 28 28 41 54 126 Slowest Speed 246 | 160 240 240 240 240 240 240 246 150 106 30 28 28 28 110 150 150 Overloaded Moves . | . . . . . . . . . . . . . . . . . Propulsion Burnouts . | . . . . . . . . . . . . . . . . . Robots Hopped . | . . . . . . . . . . . . . . . . . Cave-ins Triggered 1 | . . . . . . . . . 1 . . . . . . . Exploration Rate (%) 33 | 7 98 22 29 18 60 9 34 21 24 11 90 19 1 88 21 24 Regions Visited 16 Branch Regions 7 Pre-discovered Areas 1 | . . . . . . . . . . . 1 . . . . . Known Exits Taken 1 | . . . . . . . . . . . . . 1 . . . Unknown Exits Taken 14 | 1 1 1 1 1 1 1 1 1 1 1 1 1 . . 1 . Scrap Searched 1 | . . . . . . . . . . . 1 . . . . . Spaces Dug 49 | . . . . . . . 1 13 16 4 1 . . . 14 . Terrain Destroyed 135 | . 7 . . . . 13 66 13 17 4 1 . . . 14 . Melee 49 | . . . . . . . 1 13 16 4 1 . . . 14 . Projectile 1 | . . . . . . . . . 1 . . . . . . . AOE 85 | . 7 . . . . 13 65 . . . . . . . . . Terrain Rammed . | . . . . . . . . . . . . . . . . . Walls Destroyed . | . . . . . . . . . . . . . . . . . Machines Disabled . | . . . . . . . . . . . . . . . . . Actions | -11 -10 -10 -9 -9 -9 -8 -8 -7 -6 -5 -5 -5 -4 -4 -3 -3 --------- Run | Yrd Mat Min Mat Min Exi Min Mat Fac Fac Fac Upp Upp Fac DSF Res Qua Total 6736 | 164 1085 54 465 66 215 28 464 945 980 374 763 128 22 178 679 126 Wait 268 | . 38 . 11 . . . 4 152 33 . . 1 . 27 2 . Move 5642 | 136 875 54 353 59 209 25 323 721 842 334 759 127 22 131 559 113 Hop . | . . . . . . . . . . . . . . . . . Pick Up 168 | 5 30 . 16 . 1 1 18 37 21 15 2 . . 4 18 . Fast Attach 40 | 7 9 . . . . . 4 2 2 2 . . . 1 10 3 Attach 75 | . 5 . 2 . . . 11 6 16 2 . . . 5 27 1 Detach 31 | . 1 . . . . . . 1 11 1 . . . 5 12 . Swap 61 | 1 11 . 15 2 2 . 15 2 5 4 1 . . 1 2 . Drop 84 | . 17 . 20 . 3 1 24 . 7 7 . . . 3 . 2 Fire 258 | 15 99 . 48 5 . 1 64 . 18 . . . . . 8 . Melee 97 | . . . . . . . 1 24 25 9 1 . . . 30 7 Ram . | . . . . . . . . . . . . . . . . . Kick . | . . . . . . . . . . . . . . . . . Crush . | . . . . . . . . . . . . . . . . . Escape Stasis 11 | . . . . . . . . . . . . . . . 11 . Rewire 1 | . . . . . . . . . . . . . . 1 . . Trap . | . . . . . . . . . . . . . . . . . Miscellaneous . | . . . . . . . . . . . . . . . . . Route ------- -11/Scrapyard -10/Materials (discovered 4 exits: *Mat x3 / [*Min]) -10/Mines -9/Materials -9/Mines (discovered 2 exits: *Mat / *Exi) -9/Exiles -8/Mines -8/Materials (discovered 2 exits: *Fac x2) -7/Factory (discovered 2 exits: *Fac x2) -6/Factory -5/Factory -5/Upper Caves -5/Upper Caves -4/Factory -4/DSF -3/Research -3/Quarantine History --------- Turn | Location | Event 14 | -11/Scrapyard | Discovered new exit (range 16) 268 | -11/Scrapyard | Entered Materials 302 | -10/Materials | Build established: Mutant 538 | -10/Materials | Discovered new exit (range 12) 680 | -10/Materials | Discovered new exit (range 9) 800 | -10/Materials | Core integrity fell below 50% 840 | -10/Materials | Lost 4 parts (1p2n1w) 1096 | -10/Materials | Discovered new exit (range 13) 1152 | -10/Materials | Build established: Scavenger-Mutant 1488 | -10/Materials | Core integrity fell below 20% 1606 | -10/Materials | Repaired Hacking Suite 1686 | -10/Materials | Discovered new exit (range 16) 2406 | -10/Materials | Build established: Mutant 2435 | -10/Materials | Entered Mines 2539 | -10/Mines | Discovered new exit (range 12) 2564 | -10/Mines | Assembled infested the area 2565 | -10/Mines | Entered Materials 2565 | -9/Materials | Evolved 2 slots: Utility x2 3075 | -9/Materials | Build established: Scavenger-Mutant 3263 | -9/Materials | Discovered new exit (range 15) 3610 | -9/Materials | Entered Mines 3734 | -9/Mines | Discovered new exit (range 9) 3760 | -9/Mines | Deemed a non-threat by the Exiles lab entrance 3760 | -9/Mines | Discovered new exit (range 5) 3770 | -9/Mines | Entered Exiles 3828 | -9/Exiles | Met 8R-AWN 3869 | -9/Exiles | Met EX-HEX 3936 | -9/Exiles | Met EX-BIN 3970 | -9/Exiles | Aligned with FarCom system 3972 | -9/Exiles | Given EX-Vault access code 4030 | -9/Exiles | Opened EX-Vault 4050 | -9/Exiles | Found Lightpack 2.0 4098 | -9/Exiles | Warned to stay clear of 0b10 Research branches 4131 | -9/Exiles | Exiles lab attacked by MAIN.C 4257 | -9/Exiles | Discovered new exit (range 10) 4278 | -9/Exiles | Left Exiles lab with Lightpack 2.0 4278 | -9/Exiles | Entered Mines 4278 | -8/Mines | Discovered new exit (range 11) 4342 | -8/Mines | Entered Materials 4342 | -8/Materials | Evolved 2 slots: Propulsion x1, Utility x1 4523 | -8/Materials | Garrison activated, responded to threat 4701 | -8/Materials | Discovered new exit (range 15) 5093 | -8/Materials | Build established: Mutant 5185 | -8/Materials | Core integrity fell below 50% 5205 | -8/Materials | Discovered new exit (range 7) 5216 | -8/Materials | Entered Factory 5216 | -7/Factory | Evolved 2 slots: Propulsion x1, Utility x1 5221 | -7/Factory | Lost 10 parts (3p3n2u2w) 5301 | -7/Factory | Discovered new exit (range 15) 5517 | -7/Factory | Build established: Hauler-Mutant 5701 | -7/Factory | Discovered new exit (range 12) 5739 | -7/Factory | Repaired Aerolev Unit 5843 | -7/Factory | Entered another Factory area 5843 | -6/Factory | Accompanied by 1 ally 5843 | -6/Factory | Evolved 2 slots: Propulsion x1, Utility x1 5951 | -6/Factory | Spotted B-75 Beast 6057 | -6/Factory | Found Prototype Processor 6121 | -6/Factory | Fabricated Imp. Hacking Suite (x1) 6151 | -6/Factory | Crushed by falling debris 6215 | -6/Factory | Lost 5 parts (1p4n) 6295 | -6/Factory | Discovered new exit (range 4) 6308 | -6/Factory | Entered another Factory area 6308 | -5/Factory | Evolved 2 slots: Utility x2 6327 | -5/Factory | Identified Exp. Targeting Computer 6433 | -5/Factory | Discovered new exit (range 3) 6452 | -5/Factory | Entered Upper Caves 6453 | -5/Upper Caves | Encountered a Warlord checkpoint 6495 | -5/Upper Caves | Build established: Hauler-Sprinter 6497 | -5/Upper Caves | Learned Factory stockpile data 6538 | -5/Upper Caves | Learned Factory terminal intel 6613 | -5/Upper Caves | Attracted the attention of an 0b10 checkpoint 6666 | -5/Upper Caves | Discovered new exit (range 6) 6671 | -5/Upper Caves | Entered another Upper Caves area 6706 | -5/Upper Caves | Discovered new exit (range 8) 6708 | -5/Upper Caves | Entered Factory 6708 | -4/Factory | Evolved 2 slots: Utility x2 6710 | -4/Factory | Loaded intel: 26 terminal locations 6715 | -4/Factory | Identified exit to DSF 6715 | -4/Factory | Entered DSF 6746 | -4/DSF | Additional patrols routed to DSF 6794 | -4/DSF | Found Powered Armor 6796 | -4/DSF | Found Powered Armor 6797 | -4/DSF | Found Powered Armor 6798 | -4/DSF | Lost 7 parts (2p4n1u) 6807 | -4/DSF | Discovered new exit (range 13) 6814 | -4/DSF | Entered Research 6814 | -3/Research | Evolved 2 slots: Power x1, Utility x1 7004 | -3/Research | Spotted B-86 Titan 7101 | -3/Research | Lost 12 parts (3p6n1u2w) 7132 | -3/Research | Build established: Hauler-Mutant 7148 | -3/Research | Spotted B-86 Titan 7153 | -3/Research | Found Enh. Force Lance 7155 | -3/Research | Found Prototype Launcher 7215 | -3/Research | Found Enh. Force Lance 7270 | -3/Research | Discovered new exit (range 16) 7276 | -3/Research | Core integrity fell below 50% 7294 | -3/Research | Entered Quarantine 7295 | -3/Quarantine | Maximum security lockdown engaged 7306 | -3/Quarantine | Lost 8 parts (1n5u2w) 7428 | -3/Quarantine | Spotted Executioner 7438 | -3/Quarantine | Core integrity fell below 20% 7457 | -3/Quarantine | Found Alien Artifact 7457 | -3/Quarantine | Identified Terrabomb 7457 | -3/Quarantine | Used Terrabomb 7463 | -3/Quarantine | Destroyed by P-80 Master with Gamma Rifle Last Messages --------------- 07433_ G-73 Enforcer unfolds itself. 07433_ L-61 Swordsman unfolds itself. 07433_ G-67 Veteran unfolds itself. 07433_ L-61 Swordsman unfolds itself. 07433_ E-15 Imp unfolds itself. 07434_ Dropped Fission Core. 07435_ Dropped Enh. Force Lance. 07435_ Cmb. Antigrav System blown off. 07436_ Acquired Cmb. Antigrav System. 07437_ C-30 ARC bursts open, deploying its payload. 07437_ G-73 Enforcer unfolds itself. 07437_ B-74 Champion unfolds itself. 07437_ G-67 Veteran unfolds itself. 07437_ M-36 Artificer unfolds itself. 07437_ Cmb. Antigrav System destroyed. 07451_ Suspension Chamber breached. 07457_ Acquired Alien Artifact. 07457_ Identified Terrabomb. 07457_ Terrabomb activated. Map ----- +----------------------------------------------------+ | ?????????????????????????????????????????????????? | | ?????????????????????????????????????????????????? | | ?????????????????????????????????????????????????? | | ?????????????????????????????????????????????????? | | ????????????????????????????????????????????????? | | ??????????????????????????????????????????????? | | ??????????????????????????????????????????????? | | ??????????????????????????????????????????????? | | #??????????????????????????????????????????????? | | #??????????????????????????????????????????????? | | #??????????????????????????????????????????????? | | #??????????????????????????????????????????????? | | #???????????????????? ?????????????????????? | | #?????????????????? ???????????????????? | | ##??????????????? ?????????????????? | | #####?????????? ???????????????? | | #####????????? ??????????????? | | ##???????? ?????????????? | | ##???????? ;;;;;;;;;;; ??????????????? | | ##????? ; ; ???????????????? | | ##????? ; ; ??????????????? | | #####???? ; ; ??????????????? | | #####???? ; ; ?????????????? | | #??????? ; ; ?????????????? | | ########;;;;;;;g;;;g l"""" ; ??????????????? | | lg bg g g b/mEge@""" ; ??????????????? | | g mg ; pp"" "" ; ??????????????? | | l + """"" ; ???????????????? | | ; "!""" ; ???????????????? | | ##+######+#;;"""";; ; """"" ; ???????????????? | | ???????????? ;; ; """"" ; ??????????????? | | ???????????? """ ;; ; "!""" ; ???????????????? | | ???????????????" ;; ; """"??? ????????????????? | | ???????????????" ;; ; ?????????????????????? | | ???????????????? + ; ???????????????????????? | | ?????????????????;?########??????????????????????? | | ?????????????????????????????????????????????????? | | ?????????????????????????????????????????????????? | | ?????????????????????????????????????????????????? | | ?????????????????????????????????????????????????? | | | | | | | | | | | | | | | | | | | | | +----------------------------------------------------+ Best States ------------- Heat Dissipation 46 Energy Generation 37 Energy Capacity 530 Matter Stores 300 Matter Capacity 300 Sight Range 16 Terrain Scan Range 16 Terrain Scan Density 10 Additional Mass Support 9 Base Temperature (-) 200 Armor Coverage 400 Utility Shielding 66 Evasion (%) 65 Targeting Accuracy 12 Melee Accuracy 6 Recoil Reduction 3 Salvage Targeting 1 Offensive Hacking 22 Item Schematics ----------------- Imp. Hacking Suite | -6/Factory | Hacked Xenon Bombardment Thruster | -6/Factory | Scanalyzed Nuclear Pulse Array | -3/Research | Scanalyzed Powered Armor | -3/Research | Scanalyzed Robot Schematics ------------------ None Fabricated ------------ Imp. Hacking Suite | x1 | -6/Factory | Preloaded Alien Tech Used ----------------- Terrabomb Achievements -------------- None Challenges ------------ None Game ------ Seed PoweredDisposablePenetrator Manual? 0 Play Time 01:35:18 Cumulative 98.9 hours Start 2024.04.22 @ 22:53:21 End 2024.04.23 @ 01:05:57 Sessions 1 Manual Loads 0 Difficulty Rogue Special Mode None Game No. 114 Rogue 114 Adventurer 0 Explorer 0 Win Type - Total 0 Types 0/0/0/0/0/0/0/0/0 Lore% 27 Gallery% 53 Achievement% 39 Wizard Run 0 Options --------- Layout 1 ASCII 0 Keyboard 1 Movement Vi Keybinds 0 Fullscreen 1 Font 24/Smallcaps Map View 50x35 Zoom Use 0% Tactical HUD 1 Map Filters NONE Filters NONE Steam 1 RUN: d60d4342-ae2c-478f-bdef-e3d73774cd56